 Seeded DCSS version 0.30.0 (webtiles) character file.

Game seed: 7229806256980976716 (custom seed)

629 bananamous the Trooper (level 7, 0/94 HPs)
             Began as a Pale Draconian Berserker on July 11, 2023.
             Was a Priest of Trog.
             Slain by a hornet zombie (4 damage)
             ... in an ossuary.
             The game lasted 00:08:01 (2778 turns).

bananamous the Trooper (Pale Draconian Berserker)   Turns: 2778, Time: 00:08:02

Health: 0/94       AC:  7    Str: 22    XL:     7   Next: 23%
Magic:  7/7        EV: 13    Int:  5    God:    Trog [***...]
Gold:   156        SH:  0    Dex: 10    Spells: 6/6 levels left

rFire   x . .        c - +3 war axe of the Ghost {heavy, rC+ Int+2}
rCold   + + .        (no shield)
rNeg    . . .        (body armour unavailable)
rPois   +            (helmet restricted)
rElec   +            d - scarf of Yesterday {repulsion, Rampage Will+++}
rCorr   .            r - +0 pair of gloves
SInv    +            (no boots)
Will    +++..        (no amulet) Stlth
                     e - ring "Nomerph" {rElec rPois rF- rC+ Int-4 SInv}
HPRegen 0.35/turn    (no ring)
MPRegen 0.10/turn

%: repel missiles, rampage
@: berserking (expiring), very quick
A: breathe steam, AC +6, unfitting armour, cold-blooded, steam resistance
a: Breathe Steam, Renounce Religion, Berserk, Trog's Hand


You were in an ossuary.
You worshipped Trog.
Trog was most pleased with you.
You visited 1 branch of the dungeon, and saw 4 of its levels.
You also visited: Ossuary.

You collected 156 gold pieces.

Inventory:

Hand Weapons
 a - a +0 hand axe
 c - the +3 war axe of the Ghost (weapon) {heavy, rC+ Int+2}
   (You acquired it on level 1 of the Dungeon)

   Int:       It affects your intelligence (+2).
   rC:        It protects you from cold.
 p - a +1 morningstar of holy wrath
Missiles
 l - a throwing net (quivered)
Armour
 d - the scarf of Yesterday (worn) {repulsion, Rampage Will+++}
   (You acquired it on level 1 of the Dungeon)

   Rampage:   It bestows one free step when moving towards enemies.
   Will:      It greatly increases your willpower.
 r - a +0 pair of gloves (worn)
Jewellery
 e - the ring "Nomerph" (left hand) {rElec rPois rF- rC+ Int-4 SInv}
   (You acquired it on level 1 of the Dungeon)

   [ring of protection from cold]

   Int:       It affects your intelligence (-4).
   rF:        It makes you vulnerable to fire.
   rC:        It protects you from cold.
   rElec:     It insulates you from electricity.
   rPois:     It protects you from poison.
   SInv:      It lets you see invisible.
Scrolls
 b - 3 scrolls of amnesia {unknown}
 f - a scroll of teleportation {unknown}
 h - a scroll of enchant armour {unknown}
 i - 6 scrolls of identify {unknown}
 j - 2 scrolls of blinking {unknown}
 q - a scroll of poison {unknown}
 t - a scroll of brand weapon {unknown}
 w - 2 scrolls of vulnerability {unknown}
 x - a scroll of fog {unknown}
 y - 2 scrolls of silence {unknown}
 B - a scroll of butterflies {unknown}
Potions
 g - 2 potions of might {unknown}
 k - 2 potions of mutation {unknown}
 m - 2 potions of brilliance {unknown}
 n - a potion of invisibility {unknown}
 o - 3 potions of curing {unknown}
 s - 2 potions of cancellation {unknown}
 u - a potion of lignification {unknown}
 v - 2 potions of attraction {unknown}
 z - a potion of ambrosia {unknown}
 A - a potion of berserk rage {unknown}


   Skills:
 + Level 6.0 Fighting
 + Level 5.4 Axes
 + Level 4.9 Dodging


You had 6 spell levels left.
You didn't know any spells.
Your spell library was empty.

Dungeon Overview and Level Annotations

Branches:
Dungeon (4/15)             Temple (0/1) D:4         Ossuary (1/1)

Altars:
Elyvilon
Zin
The Shining One

Annotations:
D:3 3 runed translucent doors, strontium90w's ghost, amateur MiFi


Innate Abilities, Weirdness & Mutations

You can breathe blasts of scalding, opaque steam.
Your pale cyan-grey scales are hard. (AC +6)
You cannot fit into any form of body armour.
You are cold-blooded and may be slowed by cold attacks.
You are immune to the effects of steam.


Message History

Unknown command.
The hornet zombie barely misses you.
The hornet zombie attacks as you move away!
The hornet zombie hits you.
You slice the hornet zombie!!
The hornet zombie is heavily damaged.
The hornet zombie hits you but does no damage.
The hornet zombie hits you.
You hit the hornet zombie.
The hornet zombie is heavily damaged.
The hornet zombie hits you. The hornet zombie hits you! x2
You barely miss the hornet zombie.
The hornet zombie is heavily damaged.
The hornet zombie hits you!
* * * LOW HITPOINT WARNING * * *
The hornet zombie closely misses you.
A red film seems to cover your vision as you go berserk!
You feel yourself moving faster!
You feel mighty! The hornet zombie barely misses you.
You barely miss the hornet zombie. You tail-slap the hornet zombie.
The hornet zombie is heavily damaged.
The hornet zombie barely misses you. The hornet zombie hits you!
* * * LOW HITPOINT WARNING * * *
You barely miss the hornet zombie.
The hornet zombie is heavily damaged.
The hornet zombie hits you but does no damage.
You barely miss the bog mummy.
The bog mummy is lightly damaged.
You slash the bog mummy! You tail-slap the bog mummy.
You destroy the bog mummy!
Trog accepts your kill.
Trog appreciates your killing of a magic user.
The hornet zombie hits you!
* * * LOW HITPOINT WARNING * * *
Your Fighting skill increases to level 6!
You are too berserk!
You slash the hornet zombie!
The hornet zombie is severely damaged.
The hornet zombie hits you.
You die...

~#~## # ~.~.~. .#
~.#~M~#+#'#'#+#
~~.~M~ZM......+
####M#####.###
#.#...#.'.#
#M#.∩.'.###
#Z#∩..#.'.#
###@#####.###
#.'.'.#.'.'.#
###.#####.###
#.#...#.'.#
#.#...'.###
#.#...#.'.#
~~#####.#####.###
.~.~~.........'.#
#'#~#'#'#'#'#'###


You could see 3 mummies, a killer bee zombie and a hornet zombie.

Vanquished Creatures
  A scorpion (D:4)
  A wyvern zombie (Ossuary)
  A water moccasin zombie (Ossuary)
  2 centaur zombies (Ossuary)
  A bullfrog zombie (Ossuary)
  A jelly (D:2)
  A sleepcap (D:4)
  A killer bee zombie (Ossuary)
  8 mummies
  2 howler monkey zombies (Ossuary)
  5 adders
  An ufetubus (D:3)
  3 worms
  4 endoplasms
  6 giant cockroaches
  3 goblins
  8 hobgoblins
  20 jackals
  A kobold (D:4)
  4 quokkas
  6 ball pythons
  5 bats
  A frilled lizard (D:1)
  4 rats
90 creatures vanquished.

Vanquished Creatures (others)
  9 withered plants (Ossuary)
9 creatures vanquished.

Grand Total: 99 creatures vanquished

Notes
Turn   | Place    | Note
-------+----------+-------------------------------------------
     0 | D:1      | bananamous the Draconian Berserker began the quest for the
                  | Orb.
     0 | D:1      | Reached XP level 1. HP: 19/19 MP: 1/1
    43 | D:1      | Identified 3 scrolls of acquirement
    43 | D:1      | Acquired the scarf of Yesterday {repulsion, Rampage
                  | Will+++}
   144 | D:1      | Acquired the ring "Nomerph" {rElec rPois rF- rC+ Int-4
                  | SInv}
   145 | D:1      | Acquired the +3 war axe of the Ghost {heavy, rC+ Int+2}
   255 | D:1      | Reached XP level 2. HP: 20/26 MP: 2/2
   890 | D:2      | Reached XP level 3. HP: 29/33 MP: 3/3
   893 | D:2      | Reached ** piety under Trog
   937 | D:2      | Reached skill level 4 in Fighting
  1024 | D:2      | Reached XP level 4. HP: 40/40 MP: 4/4
  1619 | D:3      | Found a runed translucent gate.
  1619 | D:3      | Found a runed translucent gate.
  1619 | D:3      | Found a runed translucent gate.
  1627 | D:3      | Noticed strontium90w's ghost (amateur MiFi)
  1653 | D:3      | Reached XP level 5. HP: 47/47 MP: 5/5
  1683 | D:3      | Found a glowing silver altar of Zin.
  1739 | D:3      | Reached *** piety under Trog
  2238 | D:4      | Found a white marble altar of Elyvilon.
  2294 | D:4      | Found a glowing golden altar of the Shining One.
  2432 | D:4      | Found a staircase to the Ecumenical Temple.
  2453 | D:4      | Reached skill level 5 in Fighting
  2455 | D:4      | Found a sand-covered staircase.
  2459 | D:4      | Reached XP level 6. HP: 38/56 MP: 6/6
  2462 | Ossuary  | Entered an ossuary
  2578 | Ossuary  | Reached skill level 5 in Axes
  2686 | Ossuary  | Your scales start taking on a pale cyan-grey colour.
  2686 | Ossuary  | Reached XP level 7. HP: 54/62 MP: 7/7
  2686 | Ossuary  | Gained mutation: You are immune to the effects of steam.
                  | [Pale Draconian growth]
  2777 | Ossuary  | HP: 3/93 [hornet zombie (11)]
  2778 | Ossuary  | Reached skill level 6 in Fighting
  2778 | Ossuary  | Slain by a hornet zombie

Illustrated notes

Levels and vault maps discovered:
D:1:      spicycebolla_arrival_ecumenical, layout_loops_ring
D:2:      layout_basic
D:3:      layout_rooms, mainiacjoe_overflow_paths, gammafunk_ghost_necromancy
D:4:      layout_rooms, tso_metal_star, mainiacjoe_overflow_catwalk,
          elyvilon_altar_5, minmay_temple_entry_stoned_glass,
          nicolae_ossuary_entry_giza, minmay_misc_feat_square, minivault_4
Ossuary:  ossuary_zaba_flooded

Skill      XL: |  1  2  3  4  5  6  7 |
---------------+----------------------+-----
Dodging        | 3 4 |  4.9
Fighting       | 4 5 6 |  6.0
Axes           | 4 5 |  5.4

Action                     |  1- 3 |  4- 6 |  7- 9 || total
---------------------------+-------+-------+-------++-------
  Melee: War axe           |    60 |    94 |    16 ||   170
         Tailslap          |     4 |     6 |     2 ||    12
         Punch             |       |     1 |       ||     1
 Invoke: Berserk           |       |       |     1 ||     1
    Use: Scroll            |     3 |       |       ||     3
   Stab: Sleeping          |     1 |     1 |       ||     2
         Distracted        |       |     1 |     1 ||     2
 Armour: Skin              |    26 |    48 |     6 ||    80
  Dodge: Dodged            |    74 |    87 |    12 ||   173
